 Dungeon Crawl Stone Soup version 0.24.0-13-gcf9b3192b9 (webtiles) character file.

Game seed: 12932929680349637064, levelgen mode: deterministic

225 Delamore the Chopper (level 6, -1/51 HPs)
             Began as a Hill Orc Fighter on Nov 9, 2019.
             Was an Initiate of the Shining One.
             Slain by a big kobold
             ... wielding a +0 dagger
              (2 damage)
             ... on level 7 of the Dungeon.
             The game lasted 00:05:35 (2795 turns).

Delamore the Chopper (Hill Orc Fighter)             Turns: 2795, Time: 00:05:35

Health: -1/51      AC:  6    Str: 26    XL:     6   Next: 1%
Magic:  6/6        EV:  7    Int:  8    God:    the Shining One [......]
Gold:   123        SH:  9    Dex: 10    Spells: 5/5 levels left

rFire    . . .     SeeInvis .   a - +0 war axe
rCold    . . .     Gourm    .   c - +0 shield
rNeg     . . .     Faith    .   b - +0 scale mail
rPois    .         Spirit   .   (no helmet)
rElec    .         Reflect  .   (no cloak)
rCorr    .         Harm     .   (no gloves)
MR       .....                  (no boots)
Stlth    ..........             (no amulet)
HPRegen  0.17/turn              (no ring)
MPRegen  0.10/turn              (no ring)

@: mighty, glowing, lightly drained
A: no striking features
a: Renounce Religion


You were on level 7 of the Dungeon.
You worshipped the Shining One.
The Shining One was noncommittal.
You were very hungry.

You visited 1 branch of the dungeon, and saw 5 of its levels.

You collected 123 gold pieces.

Inventory:

Hand Weapons
 a - a +0 war axe (weapon)
Missiles
 w - 6 javelins (quivered)
Armour
 b - a +0 scale mail (worn)
 c - a +0 shield (worn)
Wands
 i - a wand of polymorph (7)
 n - a wand of clouds (6)
Scrolls
 e - a scroll of noise {unknown}
 h - a scroll of enchant armour {unknown}
 l - 6 scrolls of identify {unknown}
 m - a scroll of teleportation {unknown}
 o - 2 scrolls of enchant weapon {unknown}
 q - 3 scrolls of fog {unknown}
 r - a scroll of blinking {unknown}
 v - 2 scrolls of remove curse {unknown}
Potions
 d - a potion of might
 g - a potion of haste {unknown}
 j - a potion of ambrosia {unknown}
 k - a potion of flight {unknown}
 p - a potion of cancellation {unknown}
 s - a potion of brilliance {unknown}
 t - a potion of berserk rage {unknown}
 u - a potion of degeneration {unknown}
Comestibles
 f - 7 rations


   Skills:
 - Level 3.6(3.5) Fighting
 + Level 7.6(7.5) Axes
 + Level 1.1(1.0) Throwing
 - Level 3.2(3.1) Armour
 + Level 0.2(0.1) Stealth
 - Level 3.2(3.1) Shields


You had 5 spell levels left.
You didn't know any spells.
Your spell library was empty.

Dungeon Overview and Level Annotations

Branches:
Dungeon (4/15)
 Temple: D:4-7

Altars:
Ashenzari
Elyvilon
Gozag
Sif Muna
Wu Jian
The Shining One

Annotations:
D:4 Sigmund


Message History

You barely miss the wight. You slash the wight!
You destroy the wight!
The Shining One accepts your kill.
Your Throwing skill increases to level 1!
You have reached level 6!
Your experience leads to an increase in your attributes!
Your base attributes are Str 20, Int 8, Dex 10.
Increase (S)trength, (I)ntelligence, or (D)exterity?
You feel stronger.
You slash the wight! You hit the wight but do no damage.
You slash the big kobold!
The big kobold hits you with a +0 dagger.
* * * LOW HITPOINT WARNING * * *
The wight hits you with a +3 great sword!
* * * LOW HITPOINT WARNING * * *
The wight hits you with a +0 flail. The Shining One protects you from harm!
The wight barely misses you.
The big kobold hits you with a +0 dagger.
You die...

.. #.......##....<.....
..##[...................
...#....................
.......[..##....."......
#....................
#........($..........
#.......#.........S..
##.....##...KzK......
##..........@zz..... ##
#..........zK...... ..
#..###......Z...##. #.
##..# #[........##
#.###...# ##.........#
#.......# #...........
...>#..########.........
###.......#####.......#.
###............


You could see a big kobold, 4 wights, a bullfrog zombie, a ball python and 2
kobolds.

Vanquished Creatures
  Blork the orc (D:3)
  A wight (D:7)
  A worker ant (D:7)
  3 adders
  An adder skeleton (D:7)
  A worm (D:2)
  2 dart slugs
  4 leopard geckos
  An orc (D:2)
  A ball python (D:1)
  4 giant cockroaches
  5 goblins
  7 hobgoblins
  4 jackals (D:1)
  8 kobolds
  2 quokkas (D:2)
  4 bats
  2 frilled lizards
  9 rats
61 creatures vanquished.

Notes
Turn   | Place    | Note
-------+----------+-------------------------------------------
     0 | D:1      | Delamore the Hill Orc Fighter began the quest for the Orb.
     0 | D:1      | Reached XP level 1. HP: 19/19 MP: 1/1
    52 | D:1      | Reached skill level 3 in Axes
   111 | D:1      | Reached XP level 2. HP: 26/26 MP: 2/2
   295 | D:1      | Reached skill level 4 in Axes
   632 | D:1      | Reached XP level 3. HP: 27/31 MP: 3/3
  1108 | D:2      | Reached skill level 5 in Axes
  1172 | D:2      | Found a white marble altar of Elyvilon.
  1324 | D:2      | Reached XP level 4. HP: 31/39 MP: 4/4
  1367 | D:2      | Found an ornate altar of the Wu Jian Council.
  1524 | D:2      | Found a shattered altar of Ashenzari.
  1683 | D:2      | Reached skill level 6 in Axes
  2034 | D:3      | Found an opulent altar of Gozag.
  2120 | D:3      | Noticed Blork the orc
  2139 | D:3      | Killed Blork the orc
  2139 | D:3      | Reached XP level 5. HP: 45/45 MP: 5/5
  2143 | D:3      | Found a shimmering blue altar of Sif Muna.
  2294 | D:3      | Found a glowing golden altar of the Shining One.
  2302 | D:3      | Became a worshipper of the Shining One
  2352 | D:3      | Reached skill level 7 in Axes
  2742 | D:4      | Noticed Sigmund
  2742 | D:4      | You fall into a shaft and drop 3 floors!
  2786 | D:7      | Noticed a big kobold
  2795 | D:7      | Reached skill level 1 in Throwing
  2795 | D:7      | Reached XP level 6. HP: 11/51 MP: 6/6
  2795 | D:7      | HP: 1/51 [wight/+3 great sword (9)]
  2795 | D:7      | The Shining One protects you from harm!
  2795 | D:7      | Slain by a big kobold

Levels and vault maps discovered:
D:1:      dpeg_arrival_chambers_temple_mockup, layout_loops_corners
D:2:      layout_loops_ring, lemuel_round_altar, marbit_many_paths,
          overflow_temple_1_default, amethyst_killhole
D:3:      layout_basic, nicolae_gozag_seed_capital, tgw_sif, tso_altar,
          first_ration
D:4:      layout_loops_ring, bloody_trog, dk_noncrumbling_4, uniq_sigmund,
          uniq_edmund, uniq_grinder, uniq_menkaure, uniq_robin
D:7:      layout_rooms, lemuel_crystal_altar, gammafunk_ghost_nasty_kobolds,
          serial_bayou_pond_d, uniq_prince_ribbit1

Skill      XL: |  1  2  3  4  5 |
---------------+----------------+-----
Axes           | 3 4 5 6 7 |  7.6
Throwing       | 1 |  1.1
Fighting       | |  3.6
Armour         | |  3.2
Stealth        | |  0.2
Shields        | |  3.2

Action                   |  1- 3 |  4- 6 || total
-------------------------+-------+-------++-------
Melee: War axe           |   129 |    86 ||   215
Throw: Dart              |       |    15 ||    15
  Use: Potion            |       |     1 ||     1
  Eat: Chunk             |     2 |     3 ||     5
Armor: Scale mail        |    67 |    30 ||    97
Dodge: Dodged            |    43 |    25 ||    68
Block: Shield            |    62 |    61 ||   123
